 Dungeon Crawl Stone Soup version bcrawl-1.38.1 (webtiles) character file.

Game seed: 7102232101920980851

289201 Morbidden the Sneak (level 8, -5/48 HPs)
             Began as a Mana Stalker Archaeologist on Mar 30, 2023.
             Was an Initiate of Cheibriados.
             Slain by Prince Ribbit (12 damage)
             ... on level 6 of the Dungeon.
             The game lasted 00:06:43 (4580 turns).

Morbidden the Sneak (Mana Stalker Archaeologist)    Turns: 4580, Time: 00:06:43

Health: -5/48      AC:  6    Str: 14    XL:     8   Next: 96%
Magic:  13/13      EV: 16    Int: 17    God:    Cheibriados [......]
Gold:   357        SH:  0    Dex: 20    Spells: 13/13 levels left

rFire    . . .     GDR:     33% h - +2 dagger (venom)
rCold    . . .     SeeInvis .   (no shield)
rNeg     . . .     Gourm    .   q - +0 leather armour
rPois    .         Faith    .   d - +1 hat
rElec    .         Spirit   .   (no cloak)
rCorr    .         Reflect  .   (no gloves)
MR       +....                  s - +1 pair of boots
Stlth    +++++.....             (no amulet)
HPRegen  0.58/turn              u - ring of stealth
MPRegen  0.13/turn              y - +5 ring of dexterity

@: starving, very slow
A: fangs 3, magic resistance 1, regeneration 1, antimagic bite, no potion heal
3, rot immunity, strong jaws
a: Bend Time, Renounce Religion


You were on level 6 of the Dungeon.
You worshipped Cheibriados.
Cheibriados was noncommittal.
You were starving.

You visited 2 branches of the dungeon, and saw 7 of its levels.

You collected 357 gold pieces.

Inventory:

Hand Weapons
 a - a +1 broad axe of electrocution
 b - a +0 blowgun
 h - a +2 dagger of venom (weapon)
Missiles
 f - 3 curare-tipped needles
 n - 111 poisoned tomahawks (quivered)
 v - 101 poisoned needles
 H - 94 javelins of penetration {=f}
Armour
 d - a +1 hat (worn)
 q - a +0 leather armour (worn)
 s - a +1 pair of boots (worn)
Jewellery
 u - a ring of stealth (left hand)
 y - a +5 ring of dexterity (right hand)
 I - an uncursed ring of insulation
Wands
 x - a wand of flame (22)
 C - a wand of random effects (9)
 F - a wand of polymorph (8)
Scrolls
 g - 2 scrolls of magic mapping
 i - 3 scrolls of identify
 k - a scroll of blinking {unknown}
 l - 2 scrolls of enchant armour {unknown}
 m - 4 scrolls of remove curse {unknown}
 p - 3 scrolls of teleportation {unknown}
 t - 2 scrolls of amnesia {unknown}
 D - 2 scrolls of noise {unknown}
 E - a scroll of fog {unknown}
Potions
 c - 2 potions of might {unknown}
 j - a potion of brilliance {unknown}
 o - a potion of heal wounds {unknown}
 r - 2 potions of curing
 w - a potion of flight {unknown}
 z - a potion of degeneration {unknown}
 A - 2 potions of lignification {unknown}
 B - 2 potions of haste {unknown}
 G - a potion of cancellation {unknown}
Comestibles
 e - 11 rations {!d}


   Skills:
 * Level 4.1 Fighting
 + Level 1.2 Short Blades
 * Level 4.1(4.3) Axes
   Level 1.6(3.1) Maces & Flails
 * Level 2.9 Throwing
 * Level 2.8 Armour
 * Level 5.2 Dodging
 + Level 5.8 Stealth
 * Level 3.1 Spellcasting
 * Level 2.6 Evocations


You had 13 spell levels left.
You didn't know any spells.
Your spell library was empty.

Dungeon Overview and Level Annotations

Branches:
Dungeon (6/12)             Temple (1/1) D:5

Altars:
Ashenzari
Cheibriados
Dithmenos
Elyvilon
Fedhas
Gozag
Hepliaklqana
Kikubaaqudgha
Lugonu
Makhleb
Nemelex Xobeh
Okawaru
Qazlal
Ru
Sif Muna
Trog
Uskayaw
Vehumet
Xom
Yredelemnul
Zin

Annotations:
D:6 Prince Ribbit


Innate Abilities, Weirdness & Mutations

You have razor-sharp teeth.
You are resistant to hostile enchantments. (MR+)
Your natural rate of healing is unusually fast.
Your bite disrupts and absorbs the magic of your enemies.
Potions cannot restore your health.
You are immune to rotting.
Your bites deal extra damage.


Message History

Your +2 dagger of venom begins to drip with poison!
h - a +2 dagger of venom (weapon)
Prince Ribbit hits you.
You barely miss Prince Ribbit. You bite Prince Ribbit.
Prince Ribbit's magic leaks into the air.
You drain his magic.
Prince Ribbit is heavily wounded.
Prince Ribbit sighs, "It's not easy being green!"
Prince Ribbit misses you. Prince Ribbit hits you!
* * * LOW HITPOINT WARNING * * *
Prince Ribbit barely misses you.
No path to travel!
You closely miss Prince Ribbit. Your bite misses Prince Ribbit.
Prince Ribbit is heavily wounded.
Prince Ribbit misses you.
No path to travel!
It was a potion of curing.
That felt strangely inert.
Prince Ribbit falters for a moment.
Prince Ribbit hits you!
You die...

#..##
#...#
#.#.##
#.#..#
#..#.#
##.#.#
#...#
##..#
#@F#
##..#
#.....
#.....#
#.....#
.....##
#....#
....#


You could see Prince Ribbit.

Vanquished Creatures
  Sigmund (D:3)
  4 sky beasts
  A necrophage (D:5)
  An ogre (D:4)
  A bullfrog (D:6)
  A centaur (D:4)
  A howler monkey (D:5)
  5 crimson imps (D:4)
  A quasit (D:6)
  A hound (D:4)
  A jelly (D:5)
  An iguana (D:4)
  Ijyb (D:5)
  7 orc wizards
  3 worker ants (D:5)
  A hound skeleton (D:5)
  4 gnolls (D:3)
  A howler monkey skeleton (D:5)
  2 adders (D:3)
  An ooze (D:3)
  An adder zombie (D:5)
  An adder skeleton (D:5)
  4 worms
  3 leopard geckos
  11 orcs
  2 giant cockroaches
  5 goblins
  6 hobgoblins
  10 jackals
  4 kobolds
  6 quokkas
  3 bats (D:1)
  2 frilled lizards (D:1)
  6 rats
103 creatures vanquished.

Notes
Turn   | Place    | Note
-------+----------+-------------------------------------------
     0 | D:1      | Morbidden the Vine Stalker Archaeologist began the quest
                  | for the Orb.
     0 | D:1      | Reached XP level 1. HP: 11/11 MP: 2/2
   215 | D:1      | Reached XP level 2. HP: 16/16 MP: 3/3
   241 | D:1      | Reached skill level 1 in Maces & Flails
   639 | D:1      | Reached XP level 3. HP: 20/20 MP: 4/4
   658 | D:1      | Reached skill level 1 in Fighting
   969 | D:2      | Reached skill level 1 in Throwing
  1021 | D:2      | Found an opulent altar of Gozag.
  1343 | D:3      | Reached XP level 4. HP: 20/25 MP: 5/5
  1537 | D:3      | Reached skill level 1 in Armour
  1573 | D:3      | Reached XP level 5. HP: 30/30 MP: 7/7
  1573 | D:3      | Identified a scroll of acquirement
  1706 | D:3      | Reached skill level 1 in Spellcasting
  1712 | D:3      | Reached skill level 1 in Evocations
  1851 | D:3      | Noticed Sigmund
  1856 | D:3      | Killed Sigmund
  1857 | D:3      | Gained mutation: You have razor-sharp teeth. [Vine Stalker
                  | growth]
  1857 | D:3      | Reached XP level 6. HP: 36/36 MP: 7/9
  2198 | D:4      | Reached skill level 1 in Short Blades
  2198 | D:4      | Reached skill level 5 in Stealth
  2293 | D:4      | Reached XP level 7. HP: 39/41 MP: 10/10
  2392 | D:4      | Reached skill level 1 in Axes
  2674 | D:4      | Gained mutation: Your bite disrupts and absorbs the magic
                  | of your enemies. [Mana Stalker growth]
  2674 | D:4      | Gained mutation: You are resistant to hostile enchantments.
                  | (MR+) [Mana Stalker growth]
  2674 | D:4      | Reached XP level 8. HP: 21/46 MP: 11/12
  3358 | D:5      | Entered Level 5 of the Dungeon
  3363 | D:5      | Reached skill level 5 in Dodging
  3371 | D:5      | Noticed Ijyb
  3414 | D:5      | Killed Ijyb
  3989 | D:5      | Found a staircase to the Ecumenical Temple.
  4078 | Temple   | Entered the Ecumenical Temple
  4136 | Temple   | Became a worshipper of Cheibriados the Contemplative
  4571 | D:6      | Noticed Prince Ribbit
  4580 | D:6      | Slain by Prince Ribbit

Skill      XL: |  1  2  3  4  5  6  7  8 |
---------------+-------------------------+-----
Maces & Flails | 1 |  1.6
Fighting       | 1 2 3 4 |  4.1
Throwing       | 1 2 |  2.9
Dodging        | 4 5 |  5.2
Armour         | 1 2 |  2.8
Spellcasting   | 1 2 3 |  3.1
Evocations     | 1 2 |  2.6
Short Blades   | 1 |  1.2
Stealth        | 5 |  5.8
Axes           | 2 4 |  4.1

Action                   |  1- 3 |  4- 6 |  7- 9 || total
-------------------------+-------+-------+-------++-------
Melee: Whip              |   191 |       |       ||   191
       Bite              |    14 |    10 |    27 ||    51
       Unarmed           |       |    13 |    18 ||    31
       Dagger            |       |    47 |    14 ||    61
       Broad axe         |       |    14 |   122 ||   136
 Fire: Blowgun           |     6 |    14 |    25 ||    45
Throw: Tomahawk          |     1 |     2 |     3 ||     6
  Use: Scroll            |     1 |     2 |     1 ||     4
       Potion            |       |       |     1 ||     1
 Stab: Sleeping          |     3 |    10 |     4 ||    17
       Distracted        |       |     1 |     1 ||     2
  Eat: Chunk             |     7 |     6 |     7 ||    20
       Ration            |       |       |     1 ||     1
Armor: Robe              |    36 |       |       ||    36
       Leather armour    |    38 |    28 |    55 ||   121
Dodge: Dodged            |   198 |    44 |   107 ||   349
